 Dungeon Crawl Stone Soup version 0.30.0-29-ga12c61a403 (webtiles) character file.

Game seed: 2950255607261004123

9087 cheesebisquit the Fighter (level 11, -1/99 HPs)
             Began as a Ghoul Necromancer on June 7, 2023.
             Was a Priest of Kikubaaqudgha.
             Slain by a seven-headed hydra (7 damage)
             ... on level 13 of the Dungeon.
             The game lasted 01:04:43 (14358 turns).

cheesebisquit the Fighter (Ghoul Necromancer)      Turns: 14358, Time: 01:04:43

Health: -1/99      AC: 28    Str: 13    XL:     11   Next: 41%
Magic:  13/13      EV:  3    Int: 14    God:    Kikubaaqudgha [***...]
Gold:   678        SH: 10    Dex:  9    Spells: 3/14 levels left

rFire   + . .        m - +4 dagger (venom)
rCold   + + .        P - +0 kite shield
rNeg    + + +        e - +0 plate armour
rPois   ∞            n - +2 hat
rElec   .            o - scarf {rC+ rF+}
rCorr   .            y - +2 pair of gloves
SInv    .            L - +0 pair of boots
Will    .....        (no amulet) Stlth
                     i - +4 ring of protection
HPRegen 0.00/turn    s - +4 ring of protection
MPRegen 0.13/turn

%: no passive effects
@: about to teleport, marked, inhibited regen
A: claws 1, cold resistance 1, negative energy resistance 3, inhibited
regeneration, torment resistance 2, devour on kill
a: Renounce Religion, Unearth Wretches


You were on level 13 of the Dungeon.
You worshipped Kikubaaqudgha.
Kikubaaqudgha was most pleased with you.
You visited 2 branches of the dungeon, and saw 13 of its levels.
You also visited: Ossuary and Bailey.

You collected 678 gold pieces.

Inventory:

Hand Weapons
 l - a +0 sling
 m - a +4 dagger of venom (weapon)
 C - a +0 arbalest
 D - a +0 war axe of freezing
Missiles
 p - 12 poisoned darts
 N - 15 boomerangs
Armour
 e - a +0 plate armour (worn)
 n - a +2 hat (worn)
 o - a scarf of resistance (worn)
 y - a +2 pair of gloves (worn)
 L - a +0 pair of boots (worn)
 O - a +0 cloak
 P - a +0 kite shield (worn)
 Q - a +0 chain mail of cold resistance
Jewellery
 i - a +4 ring of protection (left hand)
 q - a +6 ring of intelligence
 s - a +4 ring of protection (right hand)
 F - a ring of protection from cold
Wands
 a - a wand of flame (10)
 d - a wand of mindburst (11)
 k - a wand of digging (7)
 B - a wand of charming (2)
 E - a wand of roots (19)
Scrolls
 f - a scroll of magic mapping
 g - 4 scrolls of amnesia
 r - a scroll of torment {unknown}
 t - 2 scrolls of immolation
 u - 2 scrolls of vulnerability
 I - 2 scrolls of brand weapon
 R - 3 scrolls of fear {unknown}
Potions
 b - a potion of magic
 c - a potion of resistance
 h - 3 potions of mutation
 v - a potion of degeneration {unknown}
 w - a potion of berserk rage {unknown}
 x - 2 potions of brilliance
 z - 2 potions of lignification
 H - 2 potions of flight {unknown}
 K - a potion of attraction {unknown}


   Skills:
 - Level 9.8 Fighting
 - Level 2.0 Short Blades
 - Level 2.0 Throwing
 - Level 8.4 Armour
 - Level 2.0 Dodging
 + Level 5.5 Stealth
 - Level 9.3 Shields
 - Level 2.0 Spellcasting
 - Level 4.0 Necromancy
 - Level 2.0 Evocations


You had 3 spell levels left.
You knew the following spells:

 Your Spells              Type           Power      Damage    Failure   Level
a - Necrotise             Necr           48%        1d6       100%        1
b - Kiss of Death         Conj/Necr      28%        2d7       100%        1
c - Cigotuvi's Dreadful   Necr/Pois/Air  10%        N/A       100%        2
d - Vampiric Draining     Necr           12%        2d6       100%        3
e - Animate Dead          Necr           12%        N/A       100%        4

Your spell library contained the following spells:

 Spells                   Type           Power      Damage    Failure   Level
 Ensorcelled Hibernation  Hex/Ice        2%         N/A       100%        2
 Passwall                 Tmut/Erth      0%         N/A       100%        2
 Swiftness                Air            1%         N/A       100%        3
 Petrify                  Tmut/Erth      1%         N/A       100%        4
 Agony                    Necr           12%        N/A       100%        5
 Borgnjor's Vile Clutch   Necr/Erth      3%         N/A       100%        5
 Metabolic Englaciation   Hex/Ice        0%         N/A       100%        5
 Conjure Ball Lightning   Conj/Air       0%         3x3d6     100%        6
 Death Channel            Necr           6%         N/A       100%        6
 Simulacrum               Ice/Necr       3%         N/A       100%        6
 Discord                  Hex            0%         N/A       100%        8
 Disjunction              Tloc           0%         N/A       100%        8
 Statue Form              Tmut/Erth      Unusable   N/A       N/A         6

Dungeon Overview and Level Annotations

Branches:
Dungeon (13/15)            Temple (1/1) D:5            Lair (0/5) D:9
    Orc (0/2) D:12         Vaults (0/5) D:13        Ossuary (visited)
 Bailey (visited)

Altars:
Cheibriados
Dithmenos
Fedhas
Gozag
Hepliaklqana
Kikubaaqudgha
Makhleb
Nemelex Xobeh
Qazlal
Ru
Sif Muna
Trog
Uskayaw
Vehumet
Wu Jian
Xom


Innate Abilities, Weirdness & Mutations

You are immune to poison.
You have sharp fingernails.
Your flesh is cold resistant. (rC+)
You are immune to negative energy. (rN+++)
You do not regenerate when monsters are visible.
You are immune to unholy pain and torment.
You thrive by killing the living.


Message History

Unknown command.
As you read the scroll of teleportation, it crumbles to dust.
You feel strangely unstable.
A centaur comes into view.
The centaur wields a +0 shortbow.
The centaur shoots an arrow.
The arrow hits you but does no damage.
You swap places.
Your surroundings suddenly seem different.
A sourceless malevolence fills the Dungeon...
With a horrendous wail, an alarm goes off!
A sentinel's mark forms upon you.
You hear a howl!
You hear a shout!
You hear a horrible gurgling sound!
You hear a faint skittering sound.
You hear an angry hiss.
You hear a bellow!
You hear a howl! x2; You hear a shout!
Okay, then.
Found a stone staircase leading down.
There is an open door here.
There is a stone staircase leading down here.
You climb downwards.
The seven-headed hydra roars!
You block the seven-headed hydra's attack.
The seven-headed hydra bites you but does no damage.
The seven-headed hydra bites you!
* * * LOW HITPOINT WARNING * * *
The seven-headed hydra bites you but does no damage.
You block the seven-headed hydra's attack.
The seven-headed hydra bites you but does no damage.
The seven-headed hydra bites you.
* * * LOW HITPOINT WARNING * * *
There is a stone staircase leading up here.
Okay, then.
Unknown command.
Okay, then.
Unknown command.
Okay, then.
Unknown command.
As you read the scroll of teleportation, it crumbles to dust.
You feel strangely unstable. The seven-headed hydra bites you!
You die...
Kikubaaqudgha rasps: "You have failed me!
Welcome... oblivion!"

........# ........#
........# ........#
........# ####>####
##.# #..# ###########
###.## #....@....#
.....# #....D....#
.....####**#.........#
..........,+.........#
.....#####*#.........#
.....# #.........#
.....# #.........#
#.#### ###+####### #.#
*,*


You could see a seven-headed hydra.

Vanquished Creatures
  An ugly thing (D:13)
  Joseph (D:7)
  Psyche (D:8)
  2 yaktaurs (D:13)
  5 trolls (D:9)
  11 yaks (D:9)
  2 wraiths
  A basilisk (shapeshifter) (D:13)
  An acid dragon (D:9)
  2 water moccasins
  7 orc warriors
  A sky beast (D:7)
  4 ogres
  2 centaurs
  2 kobold brigands (D:9)
  Blork the orc (D:4)
  3 bullfrogs
  2 gnoll sergeants (D:9)
  5 scorpions
  5 wights
  14 killer bees
  5 howler monkeys
  2 jellies
  4 orc priests
  3 gnoll boudas
  3 hounds
  6 iguanas
  Natasha (D:4)
  6 orc wizards
  10 adders
  14 gnolls
  A shadow imp (D:7)
  3 white imps
  2 worms
  A dart slug (D:3)
  33 orcs
  10 ball pythons
  4 bats
  11 endoplasms
  4 giant cockroaches
  A gnoll zombie (Ossuary)
  7 goblins
  10 hobgoblins
  4 jackals
  4 quokkas
  6 frilled lizards
  4 goblin zombies (Ossuary)
  A hobgoblin zombie (Ossuary)
  8 kobolds
  6 rats
  2 rat zombies (Ossuary)
249 creatures vanquished.

Vanquished Creatures (collateral kills)
  2 orcs (Bailey)
  An endoplasm (D:1)
  A jackal (D:1)
  A ball python (D:1)
5 creatures vanquished.

Vanquished Creatures (others)
  An orc warrior (Bailey)
  3 orcs (Bailey)
4 creatures vanquished.

Grand Total: 258 creatures vanquished

Notes
Turn   | Place    | Note
-------+----------+-------------------------------------------
     0 | D:1      | cheesebisquit the Ghoul Necromancer began the quest for the
                  | Orb.
     0 | D:1      | Reached XP level 1. HP: 14/14 MP: 2/2
   117 | D:1      | Reached skill level 1 in Fighting
   183 | D:1      | Reached XP level 2. HP: 15/24 MP: 0/3
   617 | D:1      | Reached XP level 3. HP: 27/29 MP: 0/4
  1629 | D:2      | Reached skill level 1 in Armour
  1873 | D:2      | Reached XP level 4. HP: 36/36 MP: 0/6
  2427 | D:3      | Found a bloodstained altar of Trog.
  2870 | D:3      | Found a sacrificial altar of Ru.
  2873 | D:3      | Found a blossoming altar of Fedhas.
  2876 | D:3      | Found a shimmering blue altar of Sif Muna.
  3125 | D:3      | Found a burning altar of Makhleb.
  3277 | D:3      | Reached XP level 5. HP: 42/42 MP: 7/7
  3405 | D:4      | Found a sand-covered staircase.
  3410 | Ossuary  | Entered an ossuary
  3707 | D:4      | Reached XP level 6. HP: 52/52 MP: 8/8
  3863 | D:4      | Reached skill level 1 in Short Blades
  3907 | D:4      | Noticed Blork the orc
  3914 | D:4      | Killed Blork the orc
  3915 | D:4      | Reached XP level 7. HP: 56/60 MP: 9/9
  4006 | D:4      | Noticed Natasha
  4021 | D:4      | Killed Natasha
  4194 | D:5      | Entered Level 5 of the Dungeon
  4296 | D:4      | Reached skill level 5 in Fighting
  4707 | D:5      | Found a staircase to the Ecumenical Temple.
  4716 | Temple   | Entered the Ecumenical Temple
  4789 | Temple   | Became a worshipper of Kikubaaqudgha
  4959 | D:5      | Reached skill level 5 in Armour
  4973 | D:5      | Reached XP level 8. HP: 29/70 MP: 10/10
  7031 | D:6      | Noticed a wraith
  7570 | D:6      | Reached skill level 1 in Throwing
  7965 | D:6      | Reached * piety under Kikubaaqudgha
  7965 | D:6      | Received a gift from Kikubaaqudgha
  7973 | D:6      | Killed a wraith
  7974 | D:6      | Reached XP level 9. HP: 71/80 MP: 11/11
  8491 | D:7      | Learned a level 1 spell: Kiss of Death
  8494 | D:7      | Learned a level 2 spell: Cigotuvi's Dreadful Rot
  8498 | D:7      | Learned a level 3 spell: Vampiric Draining
  8503 | D:7      | Learned a level 4 spell: Animate Dead
  8533 | D:7      | Reached skill level 1 in Shields
  8660 | D:7      | Noticed Joseph
  8680 | D:7      | Killed Joseph
  8776 | D:7      | Reached skill level 5 in Shields
  8836 | D:7      | Found a flagged portal.
  8841 | Bailey   | Entered a bailey
  8917 | Bailey   | Reached ** piety under Kikubaaqudgha
  9102 | D:7      | Reached XP level 10. HP: 39/88 MP: 12/12
 10534 | D:9      | Noticed Psyche
 10552 | D:8      | Killed Psyche
 10553 | D:8      | Reached skill level 1 in Evocations
 11391 | D:9      | Found a staircase to the Lair.
 11693 | D:9      | Reached XP level 11. HP: 36/97 MP: 13/13
 12522 | D:9      | Reached *** piety under Kikubaaqudgha
 12522 | D:9      | Received a gift from Kikubaaqudgha
 13054 | D:10     | Entered Level 10 of the Dungeon
 13177 | D:10     | You fall into a shaft and drop 3 floors!
 13360 | D:13     | Noticed a red ugly thing
 13379 | D:13     | Killed a red ugly thing
 13406 | D:13     | Reached skill level 5 in Stealth
 13410 | D:13     | Noticed a yaktaur captain
 13617 | D:13     | Found a gate to the Vaults.
 14294 | D:12     | Noticed a centaur warrior
 14357 | D:13     | Noticed a seven-headed hydra
 14358 | D:13     | Slain by a seven-headed hydra

Illustrated notes

Levels and vault maps discovered:
D:1:      dpeg_arrival_fog, layout_loops_cross, serial_bayou,
          serial_bayou_shore_b, serial_bayou_ford_a, serial_bayou_crossing,
          serial_bayou_lake_a
D:2:      layout_loops_ring, nicolae_hexahallways, minmay_cut_off
D:3:      layout_loops_ring, lightli_temple_of_fire,
          grunt_temple_overflow_diamond, trog_three_pillars_becter,
          hangedman_feature_mirror
D:4:      layout_basic, nicolae_ossuary_entry_ruins, uniq_blork_the_orc,
          uniq_natasha
D:5:      layout_gridville, lemuel_temple_firewalk_b
D:6:      layout_cave_pools, nicolae_half_adder
D:7:      layout_rooms, enter_bailey_2, moated_statue, uniq_joseph
D:8:      layout_cave_pools
D:9:      lemuel_troll_bridge, layout_basic, lair_entry_dummy,
          minmay_diced_spiral, uniq_psyche
D:10:     layout_irregular_city, okawaru_humans,
          gammafunk_temple_overflow_elements
D:12:     layout_gridville, minmay_orc_entry_guard_dogs,
          gammafunk_ghost_necromancy, minmay_splitting_lines,
          minmay_diamond_spiral
D:13:     layout_roguey, david_vaults_2
Temple:   jpeg_temple_clearing

Skill      XL: |  1  2  3  4  5  6  7  8  9 10 11 |
---------------+----------------------------------+-----
Fighting       | 1 2 4 6 7 8 9 |  9.8
Dodging        | 2 |  2.0
Stealth        | 3 5 |  5.5
Spellcasting   | 2 |  2.0
Armour         | 1 2 3 4 5 6 7 8 |  8.4
Short Blades   | 1 2 |  2.0
Throwing       | 2 |  2.0
Shields        | 6 8 9 |  9.3
Evocations     | 2 |  2.0
Necromancy     | |  4.0

Action                     |  1- 3 |  4- 6 |  7- 9 | 10-12 || total
---------------------------+-------+-------+-------+-------++-------
  Melee: Unarmed           |    15 |       |       |       ||    15
         Short sword       |    34 |    80 |       |       ||   114
         Dagger            |     5 |   104 |   464 |   576 ||  1149
         Punch             |     1 |     3 |     7 |       ||    11
   Fire: Sling             |       |     4 |       |       ||     4
  Throw: Dart              |       |       |     4 |       ||     4
   Cast: Necrotise         |    78 |     3 |     5 |       ||    86
  Evoke: Wand              |       |       |     6 |     7 ||    13
    Use: Scroll            |       |    15 |    15 |    14 ||    44
         Potion            |       |       |    14 |     7 ||    21
   Stab: Invisible         |       |       |     1 |       ||     1
 Armour: Robe              |    22 |       |       |       ||    22
         Ring mail         |     1 |     3 |       |       ||     4
         Chain mail        |       |   127 |   281 |    10 ||   418
         Plate armour      |       |       |       |   397 ||   397
  Dodge: Dodged            |    44 |    69 |   133 |    69 ||   315
  Block: Kite shield       |       |       |    81 |   242 ||   323
